 Dungeon Crawl Stone Soup version 0.29-a0-330-g52719c12eb (webtiles) character file.

Game seed: 5395340342419924972

40990 Anon1729 the Cleaver (level 13, -2/125 HPs)
             Began as a Minotaur Monk on May 28, 2022.
             Was the Champion of Elyvilon.
             Slain by a komodo dragon (16 damage)
             ... on level 6 of the Lair of Beasts.
             The game lasted 00:28:13 (24444 turns).

Anon1729 the Cleaver (Minotaur Monk)               Turns: 24444, Time: 00:28:13

Health: -2/125     AC: 27    Str: 28    XL:     13   Next: 77%
Magic:  21/21      EV:  9    Int:  7    God:    Elyvilon [******]
Gold:   771        SH:  0    Dex: 14    Spells: 12/12 levels left

rFire   + . .      SeeInvis +   V - +4 battleaxe (protect)
rCold   + . .      Faith    .   (shield currently unavailable)
rNeg    + . .      Spirit   .   d - +0 plate armour
rPois   .          Reflect  .   (helmet restricted)
rElec   +          Harm     .   q - scarf {rC+ rF+}
rCorr   .          Rampage  .   k - +1 pair of gloves
Will    +++..      Clarity  +   K - +0 pair of boots
Stlth   ..........              v - amulet of the Four Winds {rN+ Will+++ Clar}
HPRegen 0.30/turn               x - ring "Ydghieph" {rElec Str+6}
MPRegen 0.17/turn               T - ring "Tuxzura" {rElec Dex+2 SInv}

@: under a protective aura
A: horns 2, retaliatory headbutt
a: Renounce Religion, Purification, Heal Other, Heal Self, Divine Vigour


You were on level 6 of the Lair of Beasts.
You worshipped Elyvilon.
Elyvilon was exalted by your worship.
You visited 3 branches of the dungeon, and saw 18 of its levels.
You also visited: Sewer and Gauntlet.

You collected 1103 gold pieces.
You spent 332 gold pieces at shops.

Inventory:

Hand Weapons
 b - a +2 battleaxe of venom
 t - the +3 woodcutter's axe {vorpal}
   (You found it on level 3 of the Dungeon)

   It inflicts extra damage upon your enemies.
 V - a +4 battleaxe of protection (weapon)
 Z - a +1 war axe of freezing
Missiles
 H - 13 poisoned darts (quivered)
 U - a throwing net
Armour
 d - a +0 plate armour (worn)
 e - a +2 cloak
 k - a +1 pair of gloves (worn)
 q - a scarf of resistance (worn)
 K - a +0 pair of boots (worn)
 X - the +4 Cigotuvi's embrace {rMiasma Drain rN+}
   (You found it in a Gauntlet)

   It gathers nearby corpses to temporarily increase the armour it provides.
   It protects you from foul pestilence.
   rN:        It protects you from negative energy.
   Drain:     It drains your maximum health when unequipped.
   Elyvilon disapproves of the use of such an item.
Jewellery
 a - a ring of magical power
 h - a ring of wizardry
 r - a ring of magical power
 v - the amulet of the Four Winds (around neck) {rN+ Will+++ Clar}
   (You found it on level 3 of the Dungeon)

   [amulet of nothing]

   rN:        It protects you from negative energy.
   Clar:      It protects you against confusion.
   Will:      It greatly increases your willpower.
 x - the ring "Ydghieph" (left hand) {rElec Str+6}
   (You found it in a Gauntlet)

   [ring of strength]

   Str:       It affects your strength (+6).
   rElec:     It insulates you from electricity.
 G - a ring of fire
 L - a ring of flight
 T - the ring "Tuxzura" (right hand) {rElec Dex+2 SInv}
   (You found it in a Gauntlet)

   [ring of see invisible]

   Dex:       It affects your dexterity (+2).
   rElec:     It insulates you from electricity.
   SInv:      It lets you see invisible.
Wands
 g - a wand of acid (5)
 s - a wand of mindburst (6)
 I - a wand of digging (7)
 Q - a wand of flame (43)
Scrolls
 i - 4 scrolls of fear
 l - 5 scrolls of silence
 m - 2 scrolls of amnesia
 n - 4 scrolls of fog
 o - 3 scrolls of immolation
 u - 5 scrolls of enchant armour
 y - 3 scrolls of vulnerability
 J - a scroll of blinking
 M - a scroll of enchant weapon
 N - 5 scrolls of magic mapping
 P - 4 scrolls of teleportation
 Y - a scroll of identify
Potions
 c - 3 potions of ambrosia
 j - 4 potions of mutation
 p - 7 potions of curing
 w - a potion of flight {unknown}
 z - 3 potions of might
 A - 3 potions of resistance {unknown}
 B - 3 potions of heal wounds
 C - 2 potions of brilliance {unknown}
 D - 4 potions of cancellation {unknown}
 E - 6 potions of magic {unknown}
 F - 2 potions of haste {unknown}
 O - 3 potions of lignification {unknown}
 R - 4 potions of attraction {unknown}
 S - a potion of invisibility
Miscellaneous
 f - a tin of tremorstones (1/2)
 W - a lightning rod (4/4)


   Skills:
 + Level 14.8 Fighting
 + Level 14.9 Axes
 + Level 14.4 Armour
 - Level 3.2 Dodging
 - Level 1.5 Stealth
 + Level 12.1 Invocations


You had 12 spell levels left.
You didn't know any spells.
Your spell library contained the following spells:

 Spells                   Type           Power      Damage    Failure   Level
 Beastly Appendage        Tmut           0%         N/A       96%         1
 Shock                    Conj/Air       0%         1d3       96%         1
 Slow                     Hex            0%         N/A       96%         1
 Sting                    Tmut/Pois      0%         1d3       96%         1
 Poisonous Vapours        Pois/Air       0%         N/A       99%         2
 Wereblood                Tmut           0%         N/A       99%         2
 Call Canine Familiar     Summ           0%         N/A       100%        3
 Confusing Touch          Hex            0%         N/A       100%        3
 Dazzling Flash           Conj/Hex       0%         N/A       100%        3
 Portal Projectile        Hex/Tloc       0%         N/A       100%        3
 Spider Form              Tmut/Pois      0%         N/A       100%        3
 Swiftness                Air            0%         N/A       100%        3
 Vampiric Draining        Necr           0%         2d6       100%        3
 Airstrike                Air            0%         N/A       100%        4
 Iskenderun's Mystic Bla  Conj/Tloc      0%         2d3       100%        4
 Leda's Liquefaction      Hex/Erth       0%         N/A       100%        4
 Olgreb's Toxic Radiance  Pois           0%         N/A       100%        4
 Summon Ice Beast         Ice/Summ       0%         N/A       100%        4
 Summon Mana Viper        Hex/Summ       0%         N/A       100%        5
 Conjure Ball Lightning   Conj/Air       0%         3x3d6     100%        6
 Starburst                Conj/Fire      0%         6d3       100%        6
 Discord                  Hex            0%         N/A       100%        8
 Disjunction              Tloc           0%         N/A       100%        8


Dungeon Overview and Level Annotations

Branches:
Dungeon (11/15)            Temple (1/1) D:6            Lair (6/6) D:10
  Swamp (0/4) Lair:2        Snake (0/4) Lair:3        Slime (0/5) Lair:5
    Orc (0/2) D:10          Sewer (visited)         Gauntlet (visited)

Altars:
Ashenzari
Cheibriados
Dithmenos
Elyvilon
Fedhas
Gozag
Hepliaklqana
Kikubaaqudgha
Makhleb
Nemelex Xobeh
Okawaru
Qazlal
Ru
Sif Muna
Trog
Uskayaw
Vehumet
Wu Jian
Xom
Yredelemnul
Zin
The Shining One
Jiyva

Shops:
D:5 [   D:10 *

Annotations:
D:5 exclusion: statue
D:8 exclusion: door


Innate Abilities, Weirdness & Mutations

You have a pair of horns on your head.
You reflexively headbutt those who attack you in melee.


Message History

You hit the cane toad but do no damage.
Your weapon exudes an aura of protection.
The cane toad is moderately wounded.
The cane toad stings you.
* * * LOW HITPOINT WARNING * * *
You barely miss the cane toad. Your headbutt misses the cane toad.
The cane toad is moderately wounded.
The cane toad stings you but does no damage.
You slash the cane toad!
The cane toad is heavily wounded.
The cane toad stings you!
* * * LOW HITPOINT WARNING * * *
You are lethally poisoned!
The cane toad poisons you!
You feel better. The cane toad barely misses you.
You closely miss the cane toad. Your headbutt misses the cane toad.
The cane toad is heavily wounded.
You slash the komodo dragon!
The cane toad stings you but does no damage.
The komodo dragon bites you but does no damage.
You slice the cane toad!!
You kill the cane toad!
You slash the komodo dragon!
The komodo dragon bites you but does no damage.
You barely miss the komodo dragon.
You headbutt the komodo dragon, but do no damage.
The komodo dragon is heavily wounded.
The komodo dragon closely misses you.
You closely miss the komodo dragon. You headbutt the komodo dragon.
The komodo dragon is severely wounded.
The komodo dragon bites you.
* * * LOW HITPOINT WARNING * * *
Okay, then.
You hit the komodo dragon. You headbutt the komodo dragon!
The komodo dragon is almost dead.
The komodo dragon closely misses you.
You hit the komodo dragon.
The komodo dragon is almost dead.
The komodo dragon bites you!
You die...

*#..!.....#,,.#,,,,,,,,,,,,**,,*,
#......#.##,,**...#,,...,,,*,,,**
....##...#,,,**....,....,,,,,,,*,
...**P...#,,,,##..##....,,,,,,,,*
.#*,#.....*,,,#...#.....,,,,,,,*,
.#,*##...#,,,,#...#....!,,*,*,,*,
.##,#....##.,,,....P....,,,,*,,**
..##....###..**#........,,,*,,,,*
†...#*.......###@†......,,,*,,,,,
....#........P#.l..#.....,,**,,,,
#...##..#.....#..........,,**,,,,
#..8.+..##P.......#....$..#*,,,,,
.#.......#.P...............,,,,,*
.....#....................#*,,,,*
#.......##...##...........##,,,*,
.............##.............,,,,,
..............##...#........,,,,*


You could see a komodo dragon.

Vanquished Creatures
  A dire elephant (Gauntlet)
  A hydra (Lair:2)
  The ghost of Deqi the Fighter, a journeyman GrFi of Okawaru (Lair:2)
  Nergalle (Lair:1)
  2 bog bodies (Lair:2)
  2 oklob plants
  12 elephants
  18 cane toads
  4 black mambas
  An unseen horror (D:11)
  A gargoyle (D:7)
  8 komodo dragons
  4 rime drakes
  2 ice devils (D:11)
  3 trolls
  A polar bear (D:11)
  2 hornets
  12 blink frogs
  3 centaur simulacra
  Sigmund (D:3)
  43 yaks
  A shadow (D:10)
  A vampire (D:11)
  A wraith (D:8)
  4 wyverns
  7 basilisks
  7 vampire mosquitoes (D:10)
  3 swamp worms (Gauntlet)
  2 acid dragons
  2 nagas (Lair:3)
  11 water moccasins
  3 ice beasts
  2 orc warriors
  A sky beast (D:5)
  5 black bears
  A centaur (D:10)
  6 wolves (Lair:6)
  2 phantoms (D:10)
  A kobold brigand (D:6)
  15 bullfrogs
  2 gnoll sergeants
  2 scorpions (D:5)
  2 necrophages
  A hornet simulacrum (Gauntlet)
  21 wights
  4 killer bees (D:11)
  A troll zombie (D:10)
  2 electric eels (Lair:4)
  3 lava snakes (Lair:4)
  3 hounds
  6 orc priests
  4 iguanas
  10 orc wizards
  5 ogre zombies (D:10)
  Robin (D:3)
  8 gnolls
  15 adders
  6 river rats
  2 white imps
  An ufetubus (D:5)
  3 worms
  4 dart slugs
  28 orcs
  10 endoplasms
  3 giant cockroaches
  16 goblins
  A hobgoblin (D:1)
  3 jackals (Sewer)
  5 quokkas
  9 ball pythons
  3 bats
  7 frilled lizards
  A goblin skeleton (D:10)
  2 hobgoblin skeletons (D:10)
  2 hobgoblin zombies (D:10)
  15 kobolds
  An orc skeleton (D:10)
  12 orc zombies (D:10)
  6 rats
428 creatures vanquished.

Vanquished Creatures (others)
  A lava snake (Lair:4)
  A bush (Lair:6)
  33 fungi
  106 plants
141 creatures vanquished.

Grand Total: 569 creatures vanquished

Notes
Turn   | Place    | Note
-------+----------+-------------------------------------------
     0 | D:1      | Anon1729 the Minotaur Monk began the quest for the Orb.
     0 | D:1      | Reached XP level 1. HP: 19/19 MP: 0/0
   482 | D:1      | Reached skill level 1 in Armour
   482 | D:1      | Reached XP level 2. HP: 27/27 MP: 1/1
   613 | D:1      | Found a faded altar of an unknown god.
   624 | D:1      | Prayed at the altar of an unknown god.
   624 | D:1      | Became a worshipper of Elyvilon the Healer
   624 | D:1      | Reached * piety under Elyvilon
   624 | D:1      | Reached ** piety under Elyvilon
   913 | D:2      | Reached *** piety under Elyvilon
  1555 | D:2      | Reached XP level 3. HP: 33/33 MP: 2/2
  2879 | D:3      | Noticed Robin
  2887 | D:3      | Reached XP level 4. HP: 29/41 MP: 3/3
  2898 | D:3      | Killed Robin
  3013 | D:3      | Reached **** piety under Elyvilon
  3028 | D:3      | Reached skill level 1 in Invocations
  3201 | D:3      | Noticed Sigmund
  3253 | D:3      | Killed Sigmund
  3254 | D:3      | Reached skill level 5 in Fighting
  3254 | D:3      | Reached skill level 5 in Axes
  3254 | D:3      | Reached XP level 5. HP: 18/48 MP: 2/5
  3254 | D:3      | Reached XP level 6. HP: 21/56 MP: 2/6
  3737 | D:3      | Found the +3 woodcutter's axe {vorpal}
  3969 | D:3      | Found the amulet of the Four Winds {rN+ Will+++ Clar}
  4430 | D:4      | Reached XP level 7. HP: 31/62 MP: 8/8
  4446 | D:4      | Found a sparkling altar of Nemelex Xobeh.
  4566 | D:4      | Found a glowing drain.
  4574 | Sewer    | Entered a sewer
  5403 | D:5      | Entered Level 5 of the Dungeon
  5524 | D:5      | Reached skill level 5 in Armour
  5730 | D:5      | Reached XP level 8. HP: 71/71 MP: 10/10
  5799 | D:5      | Found a radiant altar of Vehumet.
  5956 | D:5      | Found Yrhifi Eniz's Armour Emporium.
  6010 | D:5      | Found a bloodstained altar of Trog.
  6010 | D:5      | Found a burning altar of Makhleb.
  6145 | D:5      | Reached ***** piety under Elyvilon
  6575 | D:6      | Found a staircase to the Ecumenical Temple.
  6692 | Temple   | Entered the Ecumenical Temple
  6792 | D:6      | Found a broken altar of Ashenzari.
  7211 | D:6      | Reached skill level 5 in Invocations
  7756 | D:7      | Noticed a gargoyle
  7760 | D:7      | Killed a gargoyle
  7761 | D:7      | Reached XP level 9. HP: 80/81 MP: 12/12
  8868 | D:8      | Reached ****** piety under Elyvilon
  9150 | D:8      | Found a hazy altar of Hepliaklqana.
  9206 | D:8      | Noticed a four-headed hydra
  9491 | D:8      | Found a faded altar of an unknown god.
  9491 | D:8      | Found a snail-covered altar of Cheibriados.
  9498 | D:8      | Found a faded altar of an unknown god.
  9500 | D:8      | Found a stormy altar of Qazlal.
  9502 | D:8      | Found a glowing golden altar of the Shining One.
 10063 | D:9      | Reached XP level 10. HP: 67/91 MP: 14/14
 10790 | D:9      | Reached skill level 10 in Fighting
 10790 | D:9      | Reached skill level 10 in Axes
 11807 | D:10     | Entered Level 10 of the Dungeon
 12119 | D:10     | Found Aphedeod's CLEARANCE SALE!.
 12126 | D:10     | Bought a potion of invisibility for 24 gold pieces
 12126 | D:10     | Bought the +12 lajatang of Tobraf {holy, *Noise rF+ Dex+3}
                  | for 308 gold pieces
 12247 | D:10     | Reached skill level 10 in Armour
 12414 | D:10     | Found a staircase to the Orcish Mines.
 12539 | D:10     | Reached XP level 11. HP: 72/101 MP: 16/16
 13108 | D:10     | Found a staircase to the Lair.
 13343 | D:10     | Found a basalt altar of Yredelemnul.
 15422 | Lair:1   | Entered Level 1 of the Lair of Beasts
 15809 | Lair:1   | Noticed Nergalle
 15850 | Lair:1   | Noticed a spectral orc warlord
 15857 | Lair:1   | HP: 5/104 [spectral orc knight/+1 vampiric
                  | battleaxe[Nergalle] (17)]
 16696 | Lair:1   | Killed Nergalle
 16954 | Lair:2   | Reached XP level 12. HP: 110/111 MP: 18/18
 16989 | Lair:2   | Reached skill level 10 in Invocations
 17405 | Lair:2   | Noticed a seven-headed hydra
 18109 | Lair:2   | Found a staircase to the Swamp.
 18124 | Lair:2   | Found a runed translucent door.
 18126 | Lair:2   | Noticed Deqi's ghost (journeyman GrFi)
 18177 | Lair:2   | Killed Deqi's ghost
 18482 | Lair:2   | Killed an eight-headed hydra
 18984 | Lair:3   | Found a staircase to the Snake Pit.
 20884 | Lair:4   | Reached XP level 13. HP: 111/123 MP: 20/20
 22825 | Lair:5   | Found a viscous altar of Jiyva.
 22825 | Lair:5   | Found a staircase to the Slime Pits.
 23011 | Lair:6   | Entered Level 6 of the Lair of Beasts
 23132 | Lair:6   | Found a gate leading to a gauntlet.
 23136 | Gauntlet | Entered a Gauntlet
 23136 | Gauntlet | Found a transporter.
 23136 | Gauntlet | Found a transporter.
 23136 | Gauntlet | Found a transporter.
 23382 | Gauntlet | Found a transporter.
 23382 | Gauntlet | Found a transporter.
 23382 | Gauntlet | Found a transporter.
 23396 | Gauntlet | Found a transporter.
 23398 | Gauntlet | Found a transporter.
 23399 | Gauntlet | Noticed a dire elephant
 23408 | Gauntlet | Found a transporter.
 23417 | Gauntlet | Found a transporter.
 23419 | Gauntlet | Found the +4 Cigotuvi's embrace {rMiasma Drain rN+}
 23434 | Gauntlet | Found a transporter.
 23438 | Gauntlet | Found a transporter.
 23610 | Gauntlet | Identified the ring "Ydghieph" {rElec Str+6}
 23694 | Gauntlet | Killed a dire elephant
 23703 | Gauntlet | Identified the ring "Tuxzura" {rElec Dex+2 SInv}
 23859 | Gauntlet | Noticed a minotaur
 23866 | Gauntlet | Elyvilon protects you from harm!
 23874 | Gauntlet | Pacified a minotaur
 24154 | Gauntlet | Got the Papyrus of the Frigorific Oath
 24444 | Lair:6   | Slain by a komodo dragon

Illustrated notes

Levels and vault maps discovered:
D:1:      dpeg_arrival_erosion, layout_basic, shapermc_ecumenical_altar_pompeii
D:2:      minmay_door_path, layout_basic, minmay_hedge_maze
D:3:      kennysheep_big_flooded_room, layout_rooms,
          pf_guarded_unrand_woodcutter, uniq_sigmund, uniq_robin
D:4:      layout_cave_pools, mainiacjoe_overflow_surrounded_room,
          gup_sewer_entry_bubbles, minmay_diced_spiral
D:5:      layout_basic, grunt_temple_overflow_open, vehumet_statue,
          serial_shops, nicolae_stop_n_shop_2, kennysheep_potato
D:6:      layout_loops_ring, lemuel_crystal_altar, minmay_temple_entry_mist,
          moated_statue, kennysheep_generic_room_16
D:7:      layout_cave_pools, due_unseen_surprise
D:8:      layout_gridville, nicolae_hepliaklqana_hazy_memory,
          chequers_temple_overflow_minitemple
D:9:      layout_basic
D:10:     layout_basic, kennysheep_mini_moat, david_lair_shrubbed,
          zombieorc1_lemuel, nicolae_shop_clearance
D:11:     layout_cave_pods, serial_ice, serial_ice_l, serial_ice_a,
          serial_ice_o, serial_ice_h, portal_ice_cave_demonic_guard,
          kennysheep_generic_room_13
Temple:   nicolae_temple_x_marks_the_god
Lair:1:   layout_regular_city, serial_forest, infiniplex_forest_straight_2,
          infiniplex_forest_fountain, infiniplex_forest_join,
          infiniplex_forest_clump_diagonal, uniq_nergalle
Lair:2:   layout_small_grid, skrybe_swamp_entry_bodies, gammafunk_ghost_grave,
          lemuel_fruit_tree
Lair:3:   layout_gridlike, guppyfry_snake_entry_garden,
          kennysheep_basilisk_garden
Lair:4:   layout_cave_shapes, nicolae_lair_liquid_snakes
Lair:5:   wad_woods_structure_01, layout_cave_pods, slime_altar_1,
          uniq_josephine
Lair:6:   grunt_lair_end_beastmaster, layout_long_grid, gauntlet_entry_generic,
          grunt_megastairs_4

Skill      XL: |  1  2  3  4  5  6  7  8  9 10 11 12 13 |
---------------+----------------------------------------+-----
Armour         | 1 2 3 4 5 7 8 10 11 13 14 | 14.4
Fighting       | 4 5 6 8 9 10 12 13 14 | 14.8
Axes           | 4 5 6 8 9 10 12 13 14 | 14.9
Invocations    | 2 3 4 5 6 8 9 11 12 | 12.1
Dodging        | |  3.2
Stealth        | |  1.5

Action                   |  1- 3 |  4- 6 |  7- 9 | 10-12 | 13-15 || total
-------------------------+-------+-------+-------+-------+-------++-------
Melee: Hand axe          |   160 |    82 |       |       |       ||   242
       Headbutt          |    24 |     9 |    40 |   125 |    45 ||   243
       Punch             |     1 |       |       |       |       ||     1
       Battleaxe         |       |    28 |   258 |   513 |   180 ||   979
       Lajatang          |       |       |       |     6 |       ||     6
Invok: Heal Self         |       |     2 |       |     2 |     1 ||     5
       Heal Other        |       |       |       |       |     3 ||     3
Evoke: Wand              |       |     3 |     8 |     5 |     5 ||    21
       Tin of tremorston |       |       |       |       |     2 ||     2
  Use: Scroll            |       |       |    10 |     9 |     4 ||    23
       Potion            |       |       |       |     3 |     7 ||    10
Armor: Plate armour      |    84 |    79 |   155 |   364 |   216 ||   898
Dodge: Dodged            |    26 |    41 |    69 |   211 |   107 ||   454

Table legend: (Time is in decaauts)
 A = Elapsed time spent in this place.
 B = Non-inter-level travel time spent in this place.
 C = Inter-level travel time spent in this place.
 D = Time resting spent in this place.
 E = Time spent auto-exploring this place.
 F = Levels seen in this place.
 G = Mean time per level.
                   A        B        C        D        E       F      G
               +--------+--------+--------+--------+--------+-----+--------+
         Total |  24664 |  23842 |    822 |   2751 |  17236 |  20 | 1233.2 |
       Dungeon |  15271 |  14675 |    596 |   1428 |  11264 |  11 | 1388.3 |
        Temple |     58 |     50 |      8 |      0 |     46 |   1 |   58.0 |
          Lair |   7415 |   7198 |    217 |    780 |   5112 |   6 | 1235.8 |
         Sewer |    714 |    714 |      0 |      0 |    478 |   1 |  714.0 |
      Gauntlet |   1205 |   1205 |      0 |    543 |    336 |   1 | 1205.0 |
               +--------+--------+--------+--------+--------+-----+--------+

Top non-repeatable levels by time:
  Lair:3: 2259 daAuts
    D:10: 2214 daAuts
  Lair:2: 1894 daAuts
    D:11: 1836 daAuts
     D:2: 1830 daAuts
     D:9: 1760 daAuts
     D:8: 1513 daAuts
  Lair:4: 1430 daAuts
     D:3: 1382 daAuts
Gauntlet: 1205 daAuts
  Lair:1: 1190 daAuts
     D:6: 1178 daAuts
     D:5: 1092 daAuts
     D:1: 916 daAuts
     D:7: 809 daAuts
